Map: Cosmic Sapphire

Players

Maplez

  • Race: Protoss Protoss
  • League: Grandmaster
  • Spawn Location: 5:00

RatioPlusL (Vindicta) - Winner!

  • Race: Terran Terran
  • League: Grandmaster
  • Spawn Location: 11:00

VOD

Have the link to the VOD?

Description

Time

  • Played on: Aug. 20, 2022, 6:04 p.m.
  • Length: 6:55
Show
View Real Time Build Order
Export as new Build Order

Maplez Protoss 

Build Orders: 1 Gate Expand, Oracle Opening 

Get SALT Encoding   

  12  0:00  Probe  
  13  0:12  Probe  
  14  0:16  Pylon  
  14  0:24  Probe (Chrono Boost)  
  16  0:36  Probe (Chrono Boost), Gateway  
  16  0:42  Probe (Chrono Boost)  
  16  0:45  Assimilator  
  17  0:50  Probe  
  18  1:03  Probe  
  19  1:15  Probe  
  20  1:23  Cybernetics Core  
  22  1:35  Nexus  
  20  1:41  Pylon  
  20  1:43  Probe  
  21  1:50  Assimilator  
  21  1:55  Probe  
  21  1:57  Adept (Chrono Boost)  
  24  2:07  Probe  
  25  2:18  Stargate  
  25  2:20  Adept (Chrono Boost)  
  27  2:24  Probe  
  28  2:33  Warp Gate  
  28  2:36  Probe (Chrono Boost)  
  29  2:43  Adept  
  31  2:47  Probe (Chrono Boost)  
  33  2:54  Probe (Chrono Boost)  
  33  2:56  Probe (Chrono Boost)  
  34  3:01  Probe x2 (Chrono Boost)  
  34  3:02  Oracle (Chrono Boost)  
  39  3:12  Probe  
  40  3:14  Probe  
  40  3:17  Gateway  
  41  3:21  Gateway  
  41  3:22  Gateway  
  41  3:25  Gateway  
  41  3:26  Probe  
  42  3:31  Pylon  
  42  3:37  Oracle  
  45  3:41  Shield Battery  
  45  3:43  Probe  
  46  3:49  Probe  
  47  3:55  Probe  
  47  4:01  Probe  
  47  4:08  Probe  
  48  4:13  Probe  
  47  4:20  Probe  
  48  4:25  Probe  
  47  4:32  Stalker x3, Probe  
  47  4:37  Twilight Council  
  47  4:38  Assimilator, Pylon  
  54  4:43  Assimilator  
  54  4:56  Pylon, Probe x2  
  54  4:57  Stalker  
  54  4:59  Nexus  
  58  5:01  Stalker  
  58  5:02  Pylon  
  58  5:05  Blink (Chrono Boost)  
  60  5:08  Probe x2  
  62  5:19  Forge  
  62  5:20  Probe x2  
  64  5:30  Stalker  
  64  5:32  Probe x2, Stalker  
  70  5:37  Stalker  
  72  5:44  Probe x2  
  74  5:50  Gateway  
  74  5:53  Gateway  
  74  5:56  Pylon, Probe  
  75  6:03  Stalker  
  74  6:05  Shield Battery  
  74  6:07  Stalker  
  74  6:12  Probe  
  74  6:16  Stalker  
  70  6:26  Probe  
  70  6:32  Stalker x2  
  75  6:47  Stalker x2  
  63  6:50  Stalker  
Show
View Real Time Build Order
Export as new Build Order

RatioPlusL Terran - Winner!

Build Orders:  

Get SALT Encoding   

  12  0:00  SCV  
  13  0:12  SCV  
  14  0:17  Supply Depot  
  14  0:24  SCV  
  15  0:39  SCV  
  15  0:40  Barracks  
  15  0:42  Refinery  
  16  0:51  SCV  
  16  0:54  Refinery  
  17  1:03  SCV  
  18  1:15  SCV  
  19  1:27  Reaper  
  19  1:29  Orbital Command  
  19  1:32  Supply Depot  
  20  1:47  Factory  
  20  1:54  SCV  
  20  2:00  Barracks Reactor  
  21  2:06  SCV  
  22  2:18  SCV  
  23  2:30  SCV  
  23  2:32  Widow Mine  
  23  2:36  Command Center  
  26  2:37  Marine  
  26  2:38  Marine  
  26  2:42  SCV  
  29  2:48  Supply Depot  
  29  2:54  SCV  
  29  2:57  Starport  
  30  3:01  Marine  
  30  3:03  Marine  
  31  3:10  Widow Mine  
  31  3:11  SCV  
  34  3:19  Marine  
  35  3:21  Marine  
  35  3:23  SCV  
  37  3:32  Widow Mine  
  39  3:47  Marine x2  
  39  3:48  Medivac  
  43  3:50  SCV  
  39  3:59  Factory Tech Lab  
  39  4:02  SCV  
  38  4:05  Marine x2  
  38  4:08  Barracks  
  38  4:09  Barracks  
  40  4:14  SCV  
  39  4:18  Cyclone  
  39  4:23  Marine  
  42  4:26  SCV  
  42  4:32  Liberator  
  42  4:35  Marine  
  46  4:38  SCV  
  46  4:42  Marine  
  48  4:50  SCV  
  48  4:51  Orbital Command  
  49  4:59  Supply Depot  
  49  5:03  SCV  
  49  5:05  Siege Tank  
  49  5:07  Marine  
  52  5:11  Marine  
  52  5:15  SCV  
  52  5:16  Starport Tech Lab  
  52  5:19  SCV  
  54  5:21  Barracks Tech Lab x2  
  54  5:27  SCV, Marine  
  54  5:28  Supply Depot  
  57  5:31  SCV  
  57  5:33  Marine  
  59  5:39  SCV  
  59  5:40  Siege Tank  
  60  5:43  SCV  
  60  5:49  Marine, Refinery  
  62  5:50  Supply Depot  
  62  5:51  SCV, Marine  
  62  5:52  Marine  
  62  5:56  Marine  
  66  5:57  Engineering Bay  
  66  5:58  SCV  
  66  6:03  Starport Reactor  
  67  6:05  SCV  
  67  6:08  Bunker  
  68  6:15  Marine  
  68  6:18  Bunker  
  71  6:19  SCV, Bunker  
  71  6:24  Marine x2  
  71  6:25  Marine  
  70  6:28  SCV  
  69  6:32  Marine  
  69  6:36  SCV  
  67  6:43  SCV  
Tags
 
Add a new tag
Caveats
  • Supply blocks, unpowered buildings, or Contaminate may cause inaccurate times.
  • Supply counts are checked every 10 seconds.